[Event "Team 45 45 League T52"]
[Site "Internet Chess Club"]
[Date "2012.03.06"]
[Round "3"]
[White "GoIrish"]
[Black "realchess"]
[Result "1-0"]
[WhiteElo "1621"]
[BlackElo "1862"]
[Opening "Réti: King's Indian attack"]
[ECO "A05"]
[Time "21:02:35"]
[TimeControl "2700+45"]

1. Nf3 Nf6 2. g3 g6 3. Bg2 Bg7 4. O-O O-O 5. d3 Nc6 6. e4 d6 7. Nbd2 Be6 8. Ng5
Bg4 9. f3 Bd7 10. f4 Bg4 11. Qe1 Qc8 12. h3 Bd7 13. g4 h5 14. gxh5 Nxh5 15. Qh4
Nb4 16. Bf3 f6 17. Ne6 Bxe6 18. f5 Bf7 19. fxg6 Bxg6 20. Bxh5 Bxh5 21. Qxh5 Nxc2
22. Rb1 Qe6 23. b3 Nb4 24. Nc4 Nxd3 25. Bh6 Qxe4 26. Nd2 Qh7 27. Rf3 Ne5 28. Rg3
Rf7 29. Kh1 Kf8 30. Rbg1 Ke8 31. Rxg7 Kd7 32. Rxh7 {Black resigns} 1-0

[Event "Team 45 45 League T52"]
[Site "Internet Chess Club"]
[Date "2012.03.06"]
[Round "3"]
[White "Vin07"]
[Black "BrerRabbit"]
[Result "0-1"]
[WhiteElo "1469"]
[BlackElo "1495"]
[Opening "King's Indian: orthodox variation"]
[ECO "E94"]
[Time "14:01:32"]
[TimeControl "2700+45"]

1. d4 Nf6 2. c4 g6 3. Nc3 Bg7 4. e4 d6 5. Nf3 O-O 6. Be2 e5 7. O-O Na6 8. Be3
Ng4 9. Bg5 Qe8 10. Rc1 h6 11. Bd2 Nf6 12. h3 exd4 13. Nxd4 Nxe4 14. Nxe4 Qxe4
15. Bc3 Bd7 16. Re1 Qh4 17. Nf3 Qd8 18. Bxg7 Kxg7 19. Qd4+ Qf6 20. Qd2 Rfe8 21.
b3 Nc5 22. Qd1 Ne6 23. Qd2 Bc6 24. Rcd1 Re7 25. b4 b6 26. b5 Bb7 27. a4 a5 28.
Nd4 Nxd4 29. Qxd4 Qxd4 30. Rxd4 Rae8 31. Kf1 Bxg2+ 32. Kxg2 Rxe2 33. Rxe2 Rxe2
34. Kf1 Re5 {White resigns} 0-1

[Event "Team 45 45 League T52"]
[Site "Internet Chess Club"]
[Date "2012.03.05"]
[Round "3"]
[White "tamky70"]
[Black "otib2006"]
[Result "0-1"]
[WhiteElo "1371"]
[BlackElo "1370"]
[Opening "Queen's pawn: London system"]
[ECO "A45"]
[Time "15:34:14"]
[TimeControl "2700+45"]

1. d4 Nf6 2. Bf4 e6 3. Nf3 Be7 4. h3 a6 5. Nbd2 b5 6. e3 Nc6 7. Be2 Bb7 8. O-O
d5 9. Nb3 O-O 10. a3 Qd7 11. Nc5 Bxc5 12. dxc5 Ne4 13. Bd3 Nxc5 14. Bxh7+ Kxh7
15. Ng5+ Kg6 16. Qg4 e5 17. Nf3+ Qxg4 18. hxg4 exf4 19. exf4 f5 20. Nh4+ Kh6 21.
g5+ Kh5 22. Nf3 Kg6 23. Nh4+ Kh5 24. g3 d4 25. Kg2 Ne5+ 26. f3 Bxf3+ 27. Nxf3
Nxf3 28. Rh1+ Kg6 29. Kxf3 Rh8 30. b4 Na4 31. Rxh8 Rxh8 32. Re1 Kf7 33. Re5 g6
34. Rd5 Rh2 35. Rd7+ Ke6 36. Rxc7 Kd6 37. Rc8 Kd7 38. Rg8 Rxc2 39. Rxg6 Rc3+ 40.
Ke2 Rxg3 41. Rxa6 Nc3+ 42. Kd2 Nb1+ 43. Kc2 Nxa3+ 44. Kd2 Nc4+ 45. Kc2 Rf3 46.
g6 d3+ 47. Kc3 d2+ 48. Kc2 Rf1 49. Ra7+ Ke8 50. g7 d1=Q+ 51. Kc3 Rf3# {White
checkmated} 0-1

[Event "Team 45 45 League T52"]
[Site "Internet Chess Club"]
[Date "2012.03.04"]
[Round "3"]
[White "dabodhi"]
[Black "theartist"]
[Result "1-0"]
[WhiteElo "1192"]
[BlackElo "1201"]
[Opening "French: Fort Knox variation"]
[ECO "C10"]
[Time "13:01:49"]
[TimeControl "2700+45"]

1. e4 e6 2. d4 d5 3. Nc3 dxe4 4. Nxe4 Bd7 5. Nf3 Bc6 6. Bd3 Nd7 7. O-O Ngf6 8.
Ng3 Bxf3 9. Qxf3 c6 10. Re1 Be7 11. c4 Nb6 12. Be3 O-O 13. b3 Bb4 14. Re2 Bc3
15. Rd1 Bxd4 16. Bxd4 Nbd7 17. Bxf6 Nxf6 18. Bxh7+ Nxh7 19. Rxd8 Raxd8 20. h4
Rd1+ 21. Kh2 Rfd8 22. Ne4 R1d3 23. Re3 Rxe3 24. Qxe3 b6 25. c5 b5 26. Nd6 Nf6
27. Qf3 Rd7 28. g4 Nd5 29. g5 Nb4 30. a3 Nd5 31. Qe4 Ne7 32. h5 Rd8 33. g6 Rf8
34. gxf7+ Kh8 35. Qxe6 Nd5 36. Qf5 Nf6 37. h6 Rd8 38. hxg7+ Kxg7 39. Qg5+ {Black
resigns} 1-0

[Event "Team 45 45 League T52"]
[Site "Internet Chess Club"]
[Date "2012.03.05"]
[Round "3"]
[White "Mclintock45"]
[Black "WzeroMN"]
[Result "1-0"]
[WhiteElo "999"]
[BlackElo "1096"]
[Opening "Giuoco Pianissimo: Italian four knights variation"]
[ECO "C55"]
[Time "13:05:27"]
[TimeControl "2700+45"]

1. e4 e5 2. Nf3 Nc6 3. Bc4 Nf6 4. d3 Bc5 5. Nc3 O-O 6. Bg5 d6 7. O-O h6 8. Bh4
Bg4 9. h3 Bh5 10. b4 Nxb4 11. a3 Nc6 12. Nd5 Nd4 13. Bxf6 gxf6 14. g4 Bg6 15. c3
Ne6 16. d4 exd4 17. cxd4 Bb6 18. Kh1 Bxe4 19. Rg1 Bxd5 20. Bxd5 c6 21. Bb3 d5
22. Qd2 a5 23. Qd3 Nf4 24. Qf5 Ng6 25. Bc2 Qc8 26. Qd3 Qe6 27. Rge1 Qd7 28. Rab1
Qc7 29. Nh4 Kh8 30. Qe3 Rg8 31. Qxh6# {Black checkmated} 1-0

[Event "Team 45 45 League T52"]
[Site "Internet Chess Club"]
[Date "2012.03.04"]
[Round "3"]
[White "Just-Jim"]
[Black "dscvdchk"]
[Result "0-1"]
[WhiteElo "1391"]
[BlackElo "1449"]
[Opening "Queen's pawn game"]
[ECO "D00"]
[Time "16:01:41"]
[TimeControl "2700+45"]

1. d4 Nf6 2. Nc3 d5 3. f4 Bf5 4. e3 e6 5. h3 h6 6. Nf3 Bb4 7. Bd2 Nbd7 8. a3 Be7
9. Bd3 Bxd3 10. cxd3 Nh5 11. O-O O-O 12. Nh2 Ng3 13. Rf3 Bh4 14. Be1 Nf5 15. Nf1
Bxe1 16. Qxe1 Nh4 17. Rg3 Nf5 18. Rg4 Nf6 19. Nh2 Nxg4 20. Nxg4 f6 21. Nf2 c6
22. Nh1 Qe8 23. g4 Nd6 24. Qg3 Rd8 25. Nf2 Kh7 26. Rf1 Qg6 27. Na4 Nf5 28. Qf3
b6 29. Kh2 Nd6 30. Rg1 Qf7 31. Nc3 g6 32. f5 exf5 33. gxf5 g5 34. e4 Nb7 35. e5
fxe5 36. dxe5 Qxf5 37. Qxf5+ Rxf5 38. Ng4 Kg6 39. Ne2 Re8 40. d4 h5 41. Nf4+
Rxf4 42. Nf6 Rxf6 43. exf6 Kxf6 44. Rc1 Re6 45. b4 Nd8 46. a4 a6 47. b5 axb5 48.
axb5 cxb5 49. Rb1 Re4 50. Rxb5 Rxd4 51. Rxb6+ Ne6 52. Kg3 Rd3+ 53. Kg2 Kf5 54.
Rb8 Nf4+ 55. Kf1 Nxh3 56. Rf8+ Kg4 57. Ke2 Rd4 58. Ke3 Re4+ 59. Kd3 Nf4+ 60. Kc3
{White resigns} 0-1

[Event "Team 45 45 League T52"]
[Site "Internet Chess Club"]
[Date "2012.03.03"]
[Round "3"]
[White "rgadoury"]
[Black "WilmaP"]
[Result "1/2-1/2"]
[WhiteElo "1212"]
[BlackElo "1215"]
[Opening "Queen's pawn game"]
[ECO "D00"]
[Time "16:00:52"]
[TimeControl "2700+45"]

1. d4 d5 2. g3 c6 3. Bg2 h6 4. Nf3 Nf6 5. Nbd2 e6 6. O-O Be7 7. c4 c5 8. a3 O-O
9. Re1 b6 10. cxd5 Nxd5 11. dxc5 Bxc5 12. Ne4 Be7 13. Ne5 Bb7 14. Nc3 Bf6 15.
Nxd5 Bxe5 16. Ne3 Bxg2 17. Qxd8 Rxd8 18. Nxg2 Nc6 19. Rb1 Rac8 20. e3 Rc7 21.
Nh4 Rcd7 22. f4 Bf6 23. Nf3 e5 24. b4 b5 25. Bb2 a6 26. fxe5 Be7 27. Rbc1 Nb8
28. Nd4 f6 29. Ne6 Re8 30. exf6 Bxf6 31. Bxf6 Rxe6 32. Bd4 Nc6 33. Bc5 Ne5 34.
Rf1 Nd3 35. Rcd1 Ne5 36. Rxd7 Nxd7 37. Bd4 h5 38. h4 Nf6 39. Bxf6 gxf6 40. Rf3
Kg7 41. Kf2 Rc6 42. e4 Rc2+ 43. Ke3 Rc3+ 44. Kf4 Rc4 45. Kf5 Kf7 46. e5 fxe5 47.
Kxe5+ Ke7 48. Rf5 Rc3 49. Rxh5 Rxg3 50. Rh7+ Kf8 51. Rh6 Rxa3 52. Kd5 a5 53.
bxa5 Rxa5 54. Kc5 Kg7 55. Rb6 b4+ 56. Kxb4 Rh5 57. Rb7+ Kg6 58. Rb6+ Kg7 59.
Rb7+ Kg6 60. Rb6+ Kg7 61. Rb7+ {Game drawn by repetition} 1/2-1/2

[Event "Team 45 45 League T52"]
[Site "Internet Chess Club"]
[Date "2012.03.05"]
[Round "3"]
[White "wekabird"]
[Black "tcianciola"]
[Result "0-1"]
[WhiteElo "1184"]
[BlackElo "1259"]
[Opening "English: Mikenas-Carls variation"]
[ECO "A18"]
[Time "19:00:06"]
[TimeControl "2700+45"]

1. c4 e6 2. Nc3 Nf6 3. e4 d5 4. cxd5 exd5 5. d4 Nxe4 6. h3 Bb4 7. Qc2 Qe7 8. Be2
Nc6 9. Nf3 O-O 10. O-O Bf5 11. Nxe4 Bxe4 12. Qb3 Bxf3 13. Qxf3 Nxd4 14. Qd3
Nxe2+ 15. Kh1 Nxc1 16. Raxc1 c6 17. a3 Ba5 18. b4 Bb6 19. Rfe1 Qf6 20. Rc2 Rfe8
21. Rxe8+ Rxe8 22. Kg1 Re1+ 23. Kh2 Bc7+ 24. g3 h5 25. Re2 Rxe2 26. Qxe2 h4 27.
f4 hxg3+ 28. Kxg3 Qxf4+ 29. Kg2 Qg3+ 30. Kf1 Qxh3+ 31. Qg2 Qxg2+ 32. Kxg2 f5 33.
Kf3 g5 34. a4 Kf7 35. b5 cxb5 36. axb5 Ke6 37. Ke3 f4+ {White resigns} 0-1

[Event "Team 45 45 League T52"]
[Site "Internet Chess Club"]
[Date "2012.03.01"]
[Round "3"]
[White "az2112"]
[Black "Zugzwanged"]
[Result "1-0"]
[WhiteElo "1656"]
[BlackElo "1644"]
[Opening "Réti: King's Indian attack"]
[ECO "A05"]
[Time "21:33:46"]
[TimeControl "2700+45"]

1. Nf3 Nf6 2. g3 g6 3. Bg2 Bg7 4. O-O O-O 5. d3 d6 6. e4 e5 7. Nc3 Nc6 8. Bg5 h6
9. Be3 Be6 10. Ne2 Qd7 11. Qc1 Kh7 12. c3 Bg4 13. a3 Nh5 14. d4 exd4 15. cxd4
Rae8 16. Qc2 Nf6 17. Nc3 Bh3 18. Rad1 Qg4 19. Nd2 Bxg2 20. Kxg2 a6 21. f4 Ng8
22. Nf3 Nce7 23. Bc1 Qe6 24. f5 Qc8 25. fxg6+ fxg6 26. Bf4 Qg4 27. Ne2 Rf7 28.
Qxc7 Ref8 29. Qxd6 Nf6 30. h3 Qc8 31. Rc1 Qe8 32. Nc3 Nh5 33. Be5 Nc8 34. Qd5
Bxe5 35. Qxe5 Re7 36. Qd5 Nf6 37. Qb3 Nxe4 38. Nxe4 Rxe4 39. Qxb7+ Rf7 40. Qxc8
Re2+ 41. Kh1 Qe3 42. Ng5+ Kg7 43. Rxf7# {Black checkmated} 1-0

[Event "Team 45 45 League T52"]
[Site "Internet Chess Club"]
[Date "2012.03.05"]
[Round "3"]
[White "rahulr"]
[Black "powerchess1"]
[Result "0-1"]
[WhiteElo "1599"]
[BlackElo "1634"]
[Opening "Dutch defense, Rubinstein variation"]
[ECO "A40"]
[Time "19:11:35"]
[TimeControl "2700+45"]

1. d4 e6 2. c4 f5 3. Nc3 Nf6 4. Bf4 b6 5. e3 Bb7 6. Nf3 Bb4 7. Bd3 O-O 8. O-O
Bxc3 9. bxc3 d6 10. Ng5 Qe8 11. d5 e5 12. Bxf5 exf4 13. exf4 Bc8 14. Be6+ Bxe6
15. Nxe6 Rf7 16. Re1 Qd7 17. g4 Na6 18. g5 Ne8 19. Qg4 g6 20. Re3 Ng7 21. Rae1
Nc5 22. Qe2 Nh5 23. f5 Rxf5 24. Nd4 Rxg5+ 25. Kh1 Re5 26. Rxe5 dxe5 27. Qxe5 Nd3
28. Qe6+ Qxe6 29. Rxe6 Nxf2+ 30. Kg2 Nd3 31. Nb5 Nhf4+ {White resigns} 0-1

[Event "Team 45 45 League T52"]
[Site "Internet Chess Club"]
[Date "2012.03.05"]
[Round "3"]
[White "sdcohle"]
[Black "Timotheous"]
[Result "1/2-1/2"]
[WhiteElo "1428"]
[BlackElo "1669"]
[Opening "Benoni defense"]
[ECO "A56"]
[Time "20:45:09"]
[TimeControl "2700+45"]

1. d4 Nf6 2. c4 c5 3. e3 cxd4 4. exd4 g6 5. Nf3 Bg7 6. Be2 O-O 7. O-O b6 8. Nc3
Bb7 9. Re1 d5 10. Ne5 dxc4 11. Bf3 Qc8 12. Nxc4 Re8 13. Bxb7 Qxb7 14. Bg5 Nbd7
15. Rc1 h6 16. Bh4 g5 17. Bg3 Nd5 18. Qf3 N7f6 19. Be5 Qd7 20. Bxf6 Nxf6 21.
Rcd1 e6 22. Ne5 Qd8 23. Rd2 Rf8 24. Red1 Nd5 25. Nxd5 Qxd5 26. Qxd5 exd5 27. Ng4
Rac8 28. f3 Rfe8 29. Kf2 Kh7 30. Ne3 Red8 31. Nf5 Bf6 32. Re2 Rc7 33. g4 Kg6 34.
h3 Rdc8 35. Rdd2 h5 36. Ne3 Rd8 37. b3 Rcd7 38. Nf5 Rh8 39. Kg2 {Game drawn by
mutual agreement} 1/2-1/2

[Event "Team 45 45 League T52"]
[Site "Internet Chess Club"]
[Date "2012.03.04"]
[Round "3"]
[White "randallsr"]
[Black "JWB"]
[Result "0-1"]
[WhiteElo "1728"]
[BlackElo "1728"]
[Opening "English opening"]
[ECO "A05"]
[Time "09:30:20"]
[TimeControl "2700+45"]

1. Nf3 Nf6 2. c4 g6 3. b3 Bg7 4. Bb2 O-O 5. g3 d6 6. Bg2 e5 7. d3 Nc6 8. Nbd2
Nh5 9. a3 e4 10. Bxg7 exf3 11. Nxf3 Nxg7 12. b4 Re8 13. O-O Nf5 14. Qd2 Ncd4 15.
Rae1 Nxf3+ 16. Bxf3 c6 17. e3 Ng7 18. Bg2 Be6 19. Rb1 Qd7 20. b5 Bh3 21. Rb3
Bxg2 22. Kxg2 cxb5 23. Rxb5 Re5 24. Rfb1 Rxb5 25. Rxb5 b6 26. h3 Rc8 27. e4 Rc5
28. a4 Ne6 29. Qd1 Ng5 30. g4 Rxb5 31. axb5 Ne6 32. Qd2 Nc5 33. f4 Qe7 34. Qe3
Qb7 35. Qd4 Qe7 36. g5 Ne6 37. Qe3 Qc7 38. Kf3 Qc5 39. Qe1 Qd4 40. Qe2 Nc5 41.
Qe3 Qxd3 42. Qxd3 Nxd3 43. Ke3 Nc5 44. f5 Kf8 45. Kd4 Ke7 46. h4 Kd7 47. Kd5 Nd3
48. Kd4 Ne5 49. Ke3 Nxc4+ 50. Kf4 Na3 51. e5 dxe5+ 52. Kxe5 gxf5 53. Kxf5 Nxb5
54. Kf6 Ke8 55. Kg7 a5 56. h5 a4 57. h6 a3 58. Kxh7 a2 59. Kg8 a1=Q 60. h7 Nc7
61. h8=Q Qxh8+ 62. Kxh8 Ne6 63. Kh7 Nxg5+ 64. Kg7 b5 {White resigns} 0-1

[Event "Team 45 45 League T52"]
[Site "Internet Chess Club"]
[Date "2012.03.04"]
[Round "3"]
[White "Frankly"]
[Black "b-spot"]
[Result "1-0"]
[WhiteElo "1778"]
[BlackElo "1669"]
[Opening "Nimzo-Indian: 4.e3 c5, 5.Ne2 (Rubinstein, anti-Hübner system)"]
[ECO "E42"]
[Time "13:01:20"]
[TimeControl "2700+45"]

1. d4 Nf6 2. c4 e6 3. Nc3 Bb4 4. e3 c5 5. Ne2 cxd4 6. exd4 d5 7. Bg5 h6 8. Bxf6
Qxf6 9. cxd5 exd5 10. a3 Bxc3+ 11. Nxc3 Be6 12. Bb5+ Nd7 13. O-O Rd8 14. Re1 O-O
15. Qa4 a6 16. Bxd7 Rxd7 17. Re5 Rc8 18. Rae1 Qd8 19. f4 Rc4 20. Qd1 g6 21. Qc2
Qb6 22. Rxe6 fxe6 23. Qxg6+ Rg7 24. Qe8+ Kh7 25. Rxe6 Qxd4+ 26. Re3 Qxf4 27. Rf3
Qc1+ 28. Rf1 Qxb2 29. Ne2 Re4 30. Qh5 Rxe2 31. Qf5+ Kh8 32. Qf8+ Rg8 33. Qxh6#
{Black checkmated} 1-0

[Event "Team 45 45 League T52"]
[Site "Internet Chess Club"]
[Date "2012.03.06"]
[Round "3"]
[White "Signalman"]
[Black "philosopherking"]
[Result "1-0"]
[WhiteElo "1543"]
[BlackElo "1501"]
[Opening "French: Réti (Spielmann) variation"]
[ECO "C00"]
[Time "14:03:00"]
[TimeControl "2700+45"]

1. e4 e6 2. b3 Nf6 3. e5 Nd5 4. Bb2 Nc6 5. Qg4 Ndb4 6. Na3 Nd5 7. Bc4 Bxa3 8.
Bxa3 g6 9. Bxd5 exd5 10. Nf3 d6 11. Qf4 O-O 12. O-O dxe5 13. Nxe5 Ne7 14. Rfe1
Be6 15. c4 dxc4 16. bxc4 Re8 17. Bb2 Qd6 18. Re2 Rad8 19. Rae1 Nc6 20. Qf6 Bxc4
21. Qxd6 cxd6 22. Nxc4 Rxe2 23. Rxe2 d5 24. Nd6 d4 25. Nxb7 Rb8 26. Ba3 Rxb7 27.
Re8+ Kg7 28. f3 Rb1+ 29. Kf2 Ra1 30. Bf8+ Kf6 31. a3 Ra2 32. Ke2 Ne5 33. Bc5 d3+
34. Ke3 a5 35. Bd4 Rxa3 36. Rxe5 a4 37. g4 Kg7 38. Ra5+ Kf8 {Black resigns} 1-0

[Event "Team 45 45 League T52"]
[Site "Internet Chess Club"]
[Date "2012.03.03"]
[Round "3"]
[White "rayngrant"]
[Black "werty"]
[Result "1/2-1/2"]
[WhiteElo "1563"]
[BlackElo "1508"]
[Opening "French: Rubinstein variation"]
[ECO "C10"]
[Time "14:32:42"]
[TimeControl "2700+45"]

1. e4 e6 2. d4 d5 3. Nc3 dxe4 4. Nxe4 Nd7 5. Nf3 Ngf6 6. Nxf6+ Nxf6 7. Bg5 Bd6
8. Bd3 h6 9. Bh4 b6 10. Be4 Rb8 11. Bc6+ Bd7 12. Bxd7+ Qxd7 13. c3 Be7 14. Ne5
Qb5 15. Qe2 Qxe2+ 16. Kxe2 a5 17. Nc6 Rc8 18. Nxe7 Kxe7 19. a4 g5 20. Bg3 Nd5
21. h4 Kd7 22. Rh2 g4 23. Kd3 Rhf8 24. Rhh1 Rce8 25. Rhe1 f5 26. Be5 h5 27. Rg1
Nf6 28. Bxf6 Rxf6 29. f4 g3 30. Rgf1 Rg8 31. Rf3 Rfg6 32. b4 Rg4 33. Rh1 axb4
34. cxb4 Ra8 35. Ra1 Rxh4 36. Rxg3 Rxf4 37. Rg7+ Kd6 38. a5 bxa5 39. bxa5 Ra6
40. Rg8 Rg4 41. Rxg4 hxg4 42. Kc4 Kc6 43. Ra3 f4 44. Kb4 f3 45. gxf3 gxf3 46.
Rxf3 Kb7 47. Rb3 Rd6 48. Kc5+ Ka6 49. Rb8 Rd5+ 50. Kc6 Kxa5 51. Kxc7 Rxd4 52.
Re8 Re4 {Game drawn by mutual agreement} 1/2-1/2

[Event "Team 45 45 League T52"]
[Site "Internet Chess Club"]
[Date "2012.03.05"]
[Round "3"]
[White "Bible-Believer"]
[Black "lw"]
[Result "1/2-1/2"]
[WhiteElo "1520"]
[BlackElo "1499"]
[Opening "Sicilian: Hungarian variation"]
[ECO "B34"]
[Time "20:31:06"]
[TimeControl "2700+45"]

1. e4 c5 2. Nf3 g6 3. d4 cxd4 4. Nxd4 Bg7 5. Nc3 Nc6 6. Be3 Nf6 7. Qd2 d5 8.
exd5 Nxd5 9. Nxc6 bxc6 10. Bc4 Bb7 11. Nxd5 cxd5 12. Bb5+ Kf8 13. O-O-O a6 14.
Be2 Qc7 15. Bd4 e5 16. Qb4+ Kg8 17. Bb6 Qc8 18. Bf3 Qe6 19. Rhe1 Rc8 20. Qb3 Rc4
21. Be2 Re4 22. Be3 Qc6 23. Bd3 Rh4 24. h3 h5 25. Qb6 Qxb6 26. Bxb6 Rb4 27. Bc5
Rf4 28. g3 Ra4 29. Kb1 Kh7 30. b3 e4 31. bxa4 exd3 32. Rxd3 Bc6 33. a5 Rb8+ 34.
Bb6 Bf8 35. Rc3 Bd7 36. Rc7 Bxh3 37. Rxf7+ Kg8 38. Rf6 Kg7 39. Rc6 Bb4 40. Re3
Bxa5 41. Rb3 Rxb6 42. Rcxb6 Bxb6 43. Rxb6 Bf1 44. Kb2 g5 45. Kc3 h4 46. gxh4
gxh4 47. Rb4 h3 48. Rb1 Bg2 49. Kb4 h2 50. Ka5 h1=Q 51. Rxh1 Bxh1 52. Kxa6 Be4
53. Kb5 Bxc2 54. a4 d4 55. Kc4 {Game drawn by mutual agreement} 1/2-1/2

[Event "Team 45 45 League T52"]
[Site "Internet Chess Club"]
[Date "2012.03.05"]
[Round "3"]
[White "rcddonovan"]
[Black "OGO"]
[Result "1-0"]
[WhiteElo "1411"]
[BlackElo "1508"]
[Opening "Ruy Lopez: closed, Flohr-Zaitsev system (Lenzerheide variation)"]
[ECO "C92"]
[Time "18:30:47"]
[TimeControl "2700+45"]

1. e4 e5 2. Nf3 Nc6 3. Bb5 a6 4. Ba4 Nf6 5. O-O Be7 6. Re1 b5 7. Bb3 O-O 8. c3
d6 9. h3 Bb7 10. d4 Rc8 11. Nbd2 exd4 12. cxd4 Na5 13. Bc2 Ba8 14. b4 Nc6 15. a3
Na7 16. e5 Nd5 17. Ne4 Nb6 18. Bb3 dxe5 19. Nxe5 Bd5 20. Bxd5 Nxd5 21. Qb3 Nf6
22. Nxf6+ Bxf6 23. f4 Qxd4+ 24. Be3 Qe4 25. Bxa7 Qxf4 26. Nd3 Qd6 27. Bc5 Bd4+
28. Kh1 Bxc5 29. Nxc5 Qg6 30. Rad1 Rfe8 31. Rxe8+ Rxe8 32. Qd3 Qf6 33. Qd7 Qe5
34. Nxa6 Re7 35. Qd8+ Re8 36. Nxc7 Rf8 37. Qd7 h6 38. Nxb5 Rb8 39. Nd6 Qh5 40.
Rf1 Rf8 41. Nxf7 Rxf7 42. Qe8+ {Black resigns} 1-0

[Event "Team 45 45 League T52"]
[Site "Internet Chess Club"]
[Date "2012.03.06"]
[Round "3"]
[White "mrmarck"]
[Black "Patzer4Life"]
[Result "1/2-1/2"]
[WhiteElo "1319"]
[BlackElo "1376"]
[Opening "English opening"]
[ECO "A16"]
[Time "18:00:07"]
[TimeControl "2700+45"]

1. c4 Nf6 2. Nc3 g6 3. g3 Bg7 4. Bg2 O-O 5. e3 e5 6. Nge2 d6 7. O-O c6 8. Re1
Na6 9. a3 Re8 10. d4 exd4 11. exd4 d5 12. cxd5 Nxd5 13. Nxd5 cxd5 14. Nf4 Rxe1+
15. Qxe1 Nc7 16. Be3 b5 17. Rc1 g5 18. Rxc7 Qxc7 19. Nxd5 Qd7 20. Nf6+ Bxf6 21.
Bxa8 Bb7 22. Bxb7 Qxb7 23. b4 h6 24. Qd2 Qd5 25. Qc3 Qe4 26. Qc5 Qb1+ 27. Kg2
Qe4+ 28. Kg1 Qb1+ 29. Kg2 Qe4+ 30. Kg1 {Game drawn by repetition} 1/2-1/2

[Event "Team 45 45 League T52"]
[Site "Internet Chess Club"]
[Date "2012.03.02"]
[Round "3"]
[White "kingsrook"]
[Black "PT105"]
[Result "1-0"]
[WhiteElo "1330"]
[BlackElo "1236"]
[Opening "Queen's pawn game, Chigorin variation"]
[ECO "D02"]
[Time "18:30:34"]
[TimeControl "2700+45"]

1. d4 d5 2. Nf3 Nc6 3. Bf4 Nf6 4. h3 Bf5 5. e3 e6 6. c3 Bd6 7. Bg5 h6 8. Bh4 g5
9. Bg3 Bxg3 10. fxg3 Be4 11. Bd3 Qd6 12. Kf2 Bxd3 13. Qxd3 Ne4+ 14. Kf1 Nxg3+
15. Kg1 Nxh1 16. Kxh1 e5 17. Qf5 e4 18. Nfd2 Qe6 19. Qf2 h5 20. Nf1 g4 21. h4
Rh6 22. g3 Rf6 23. Qg2 Qf5 24. Nbd2 Qf2 25. c4 dxc4 26. Qxe4+ Re6 27. Qd5 Re5
28. dxe5 Rd8 29. Qg2 Qxg2+ 30. Kxg2 Nxe5 31. Rc1 b5 32. Rc2 Nd3 33. Kg1 Nb4 34.
Rc1 a6 35. a3 Nd3 36. Rb1 a5 37. e4 b4 38. axb4 axb4 39. Nxc4 Rd4 40. Nfd2 Kd7
41. Kf1 c5 42. Ke2 Kc6 43. b3 f6 44. Ke3 Kd7 45. Rf1 Ke6 46. Rf5 Ne5 47. Nxe5
fxe5 48. Rxh5 Rd8 49. Rh6+ Kf7 50. Rc6 Ra8 51. Rxc5 Kf6 52. Rc4 Rb8 53. Rc6+ Kf7
54. Nc4 Ra8 55. Nxe5+ Kg7 56. Rb6 Ra3 57. Rxb4 Kf6 58. Nxg4+ Kg6 59. e5 Kf7 60.
h5 Kg7 61. Kf4 Ra8 62. Rb6 Kh7 63. e6 Rc8 64. Nf6+ Kh6 65. g4 Kg7 66. e7 Kf7 67.
Nd5 Kg7 68. Re6 Kf7 69. e8=Q+ Rxe8 70. Rxe8 Kxe8 71. g5 Kf7 72. Kf5 Kg7 73. b4
Kh7 74. b5 Kg7 75. b6 Kh7 76. b7 Kg7 77. b8=Q Kh7 78. Nf6+ Kg7 79. Qg8# {Black
checkmated} 1-0

[Event "Team 45 45 League T52"]
[Site "Internet Chess Club"]
[Date "2012.03.04"]
[Round "3"]
[White "Invicta-Knight"]
[Black "mongmong"]
[Result "0-1"]
[WhiteElo "1458"]
[BlackElo "1626"]
[Opening "French: advance, Paulsen attack"]
[ECO "C02"]
[Time "06:04:59"]
[TimeControl "2700+45"]

1. e4 e6 2. d4 d5 3. e5 c5 4. c3 Nc6 5. Nf3 Qb6 6. a3 Nh6 7. b4 cxd4 8. cxd4 Nf5
9. Be3 Bd7 10. Bd3 Nxe3 11. fxe3 Rc8 12. O-O Be7 13. Qe1 f6 14. Qg3 O-O 15. exf6
Bxf6 16. Nc3 Nxd4 17. exd4 Bxd4+ 18. Nxd4 Qxd4+ 19. Kh1 Qxc3 20. Rxf8+ Kxf8 21.
Rf1+ Kg8 22. Qh3 g6 23. Rf3 Qa1+ 24. Rf1 Rc1 25. Qf3 Rxf1+ 26. Bxf1 {White
resigns} 0-1

[Event "Team 45 45 League T52"]
[Site "Internet Chess Club"]
[Date "2012.03.04"]
[Round "3"]
[White "oldsj"]
[Black "BrerRabbit"]
[Result "1/2-1/2"]
[WhiteElo "1510"]
[BlackElo "1479"]
[Opening "Pirc: Austrian attack, dragon formation"]
[ECO "B09"]
[Time "19:03:28"]
[TimeControl "2700+45"]

1. e4 d6 2. d4 Nf6 3. Nc3 g6 4. f4 Bg7 5. Nf3 c5 6. e5 Nfd7 7. exd6 O-O 8. Be3
exd6 9. Qd2 Nc6 10. O-O-O Qa5 11. a3 a6 12. Ne4 b5 13. Qxa5 Nxa5 14. Nxd6 c4 15.
Bd2 Nb7 16. Nxc8 Raxc8 17. Ne5 Nf6 18. Be2 Rfe8 19. Bf3 Nd6 20. Rhe1 Bf8 21. c3
Rc7 22. Bc6 Rec8 23. Bf3 Re8 24. Re2 {Game drawn by mutual agreement} 1/2-1/2

[Event "Team 45 45 League T52"]
[Site "Internet Chess Club"]
[Date "2012.03.06"]
[Round "3"]
[White "PsyMar"]
[Black "stanbeers"]
[Result "1-0"]
[WhiteElo "1319"]
[BlackElo "1424"]
[Opening "King's pawn opening"]
[ECO "B07"]
[Time "13:00:09"]
[TimeControl "2700+45"]

1. e4 d6 2. d4 Nd7 3. c4 e5 4. Nf3 Be7 5. Nc3 c6 6. Be2 Ngf6 7. O-O Qc7 8. Be3
exd4 9. Nxd4 Ne5 10. Nf5 O-O 11. f4 Ng6 12. Nxe7+ Qxe7 13. Qc2 Re8 14. Bd3 Ng4
15. Bd2 Nf6 16. Rae1 Bg4 17. f5 Ne5 18. h3 Nxd3 19. Qxd3 Bh5 20. g4 Bxg4 21.
hxg4 Nxg4 22. Rf4 Ne5 23. Qg3 f6 24. b3 Qc7 25. Ne2 Qb6+ 26. Kh2 Re7 27. Rh4
Rae8 28. Rg1 Rd8 29. Nf4 Qxg1+ 30. Kxg1 Rdd7 31. Ne6 a6 32. Qh3 g5 33. fxg6 Nxg6
34. Rg4 Rf7 35. Bc3 Rde7 36. Kf2 Rxe6 37. Rxg6+ hxg6 38. Qxe6 {Black resigns}
1-0

[Event "Team 45 45 League T52"]
[Site "Internet Chess Club"]
[Date "2012.03.05"]
[Round "3"]
[White "Fogbound"]
[Black "Skylab"]
[Result "0-1"]
[WhiteElo "1274"]
[BlackElo "1323"]
[Opening "Torre attack (Tartakower variation)"]
[ECO "D03"]
[Time "14:00:08"]
[TimeControl "2700+45"]

1. d4 d5 2. Nf3 Nf6 3. Bg5 e6 4. e3 Be7 5. Bd3 O-O 6. Nbd2 Nbd7 7. h4 h6 8. Ne5
Nxe5 9. dxe5 Nd7 10. Bxh6 gxh6 11. Qg4+ Kh8 12. Qh5 Kg7 13. Qg4+ Kh8 14. Qh5 Kg7
15. Rh3 Rh8 16. Qg4+ Kf8 17. Rg3 Ke8 18. Qg7 Rf8 19. Bg6 fxg6 20. Qxg6+ Rf7 21.
Qxe6 Nc5 22. Rg8+ Rf8 23. Qg6+ Kd7 24. Rxf8 Qxf8 25. Qg4+ Kd8 26. Qd4 c6 27.
O-O-O Qxf2 28. Rf1 Qxg2 29. Qf4 Ne4 30. Nb3 Ng3 31. Kb1 Qxf1+ 32. Nc1 Qe1 33.
Qxh6 Ne2 34. Qh8+ Kc7 35. a4 Qxc1+ 36. Ka2 Bf5 37. Qe8 Rxe8 {White resigns} 0-1